 Dungeon Crawl Stone Soup version 0.24.0-123-gd5b16e6ec5 (webtiles) character file.

Game seed: 17548514004590333595, levelgen mode: deterministic

604 H0rd4k the Charlatan (level 7, -3/50 HPs)
             Began as a Human Artificer on Feb 11, 2020.
             Slain by a gnoll sergeant
             ... wielding a +0 spear
              (10 damage)
             ... on level 5 of the Dungeon.
             The game lasted 00:08:22 (5400 turns).

H0rd4k the Charlatan (Human Artificer)              Turns: 5400, Time: 00:08:24

Health: -3/50      AC:  3    Str: 14    XL:     7   Next: 70%
Magic:  10/10      EV: 13    Int: 12    God:
Gold:   219        SH:  0    Dex: 13    Spells: 6/6 levels left

rFire    . . .     SeeInvis .   p - +0 long sword
rCold    . . .     Gourm    .   (no shield)
rNeg     . . .     Faith    .   b - +0 leather armour
rPois    .         Spirit   .   (no helmet)
rElec    .         Reflect  .   (no cloak)
rCorr    .         Harm     .   (no gloves)
MR       .....                  (no boots)
Stlth    ++........             (no amulet)
HPRegen  0.16/turn              (no ring)
MPRegen  0.12/turn              (no ring)

@: no status effects
A: no striking features
a: no special abilities


You were on level 5 of the Dungeon.
You were not hungry.

You visited 1 branch of the dungeon, and saw 6 of its levels.

You collected 219 gold pieces.

Inventory:

Hand Weapons
 a - a +0 short sword
 p - a +0 long sword (weapon)
Missiles
 t - 18 boomerangs
 u - 34 poisoned darts (quivered)
Armour
 b - a +0 leather armour (worn)
 v - a cursed +0 robe
Magical Staves
 r - an uncursed staff of wizardry {unknown}
Jewellery
 o - a cursed ring of attention {unknown}
Wands
 c - a wand of flame (6)
 d - a wand of enslavement (9)
 e - a wand of random effects (15)
 B - a wand of digging (5)
Scrolls
 h - a scroll of fog {unknown}
 i - 6 scrolls of identify {unknown}
 j - a scroll of blinking {unknown}
 k - a scroll of amnesia {unknown}
 l - 4 scrolls of remove curse {unknown}
 m - a scroll of enchant armour {unknown}
 s - 2 scrolls of random uselessness {unknown}
 w - a scroll of fear {unknown}
 y - 2 scrolls of teleportation {unknown}
 A - a scroll of noise {unknown}
 C - a scroll of enchant weapon {unknown}
 E - a scroll of magic mapping {unknown}
Potions
 g - 3 potions of cancellation {unknown}
 n - 3 potions of lignification {unknown}
 q - 2 potions of flight {unknown}
 x - a potion of ambrosia {unknown}
 z - a potion of curing {unknown}
 D - a potion of heal wounds {unknown}
Comestibles
 f - 8 rations


   Skills:
 + Level 2.2 Fighting
 + Level 2.1(3.2) Short Blades
 + Level 3.5(3.8) Long Blades
 + Level 1.3 Throwing
 + Level 3.2 Armour
 + Level 3.6 Dodging
 + Level 1.8 Stealth
 + Level 4.0 Evocations


You had 6 spell levels left.
You didn't know any spells.
Your spell library was empty.

Dungeon Overview and Level Annotations

Branches:
Dungeon (6/15)             Temple (0/1) D:5

Altars:
Dithmenos
Fedhas
Gozag
Qazlal
Wu Jian
Yredelemnul

Annotations:
D:4 exclusion: downstairs
D:5 Blork the orc
D:6 Dowan, Duvessa


Message History

The gnoll barely misses you.
You climb downwards. 4 orcs, Duvessa and Dowan come into view.
Dowan shouts!
The orc wizard shouts!
The orc priest shouts!
The orc warrior shouts!
Found a ration.
There is a stone staircase leading up here.
The gnoll hits you with a +0 flail! Dowan casts a spell at you.
The puff of frost hits you.
The orc wizard gestures at you while chanting.
The puff of frost hits you.
* * * LOW HITPOINT WARNING * * *
You climb upwards.
Level annotation: Blork the orc The gnoll hits you with a +0 spear!
* * * LOW HITPOINT WARNING * * *
The gnoll hits you but does no damage.
The gnoll sergeant hits you from afar with a +0 spear!
You die... ##### # #.$.# # #...# #.# gg.

#.# # ##'## #+## ##.#
#≈##≈g≈##≈... .....
#≈≈≈≈g≈≈≈≈#.# ###.#
####g.#####.#######.#
#@................
#g######..........
##'#######......###
#.....#..'......# #
#.....#.##......# #
#.....#.##......# #
#.....#.##......# #
#.....#.#....#### #
#.....#.#....# #


You could see a gnoll sergeant and 4 gnolls.

Vanquished Creatures
  An ogre (D:4)
  A scorpion (D:4)
  A crimson imp (D:5)
  A bullfrog zombie (D:5)
  A jelly (D:5)
  An orc wizard (D:3)
  Jessica (D:3)
  2 iguanas (D:4)
  Natasha (D:2)
  3 worker ants
  A worker ant zombie (D:4)
  3 adders
  3 gnolls
  2 shadow imps (D:5)
  2 oozes
  An adder zombie (D:4)
  An adder skeleton (D:4)
  2 worms
  A dart slug (D:1)
  2 leopard geckos (D:4)
  5 orcs
  A ball python (D:4)
  4 bats (D:1)
  A giant cockroach (D:1)
  8 goblins
  11 hobgoblins
  5 jackals
  3 kobolds
  2 quokkas
  5 frilled lizards
  A leopard gecko skeleton (D:4)
  8 rats
85 creatures vanquished.

Vanquished Creatures (others)
  A gnoll (D:5)
  An orc (D:2)
2 creatures vanquished.

Grand Total: 87 creatures vanquished

Notes
Turn   | Place    | Note
-------+----------+-------------------------------------------
     0 | D:1      | H0rd4k the Human Artificer began the quest for the Orb.
     0 | D:1      | Reached XP level 1. HP: 15/15 MP: 3/3
    89 | D:1      | Reached XP level 2. HP: 18/21 MP: 4/4
   341 | D:1      | Reached XP level 3. HP: 25/26 MP: 5/5
   799 | D:2      | Reached XP level 4. HP: 23/32 MP: 6/6
  1305 | D:2      | Noticed Natasha
  1312 | D:2      | Killed Natasha
  1312 | D:2      | Reached skill level 1 in Armour
  1674 | D:3      | Reached XP level 5. HP: 23/37 MP: 7/7
  2071 | D:3      | Noticed Jessica
  2075 | D:3      | Killed Jessica
  2075 | D:3      | Reached skill level 1 in Long Blades
  2222 | D:3      | Found an opulent altar of Gozag.
  2288 | D:2      | Reached skill level 4 in Evocations
  2633 | D:2      | Found a shadowy altar of Dithmenos.
  2730 | D:3      | Found an ornate altar of the Wu Jian Council.
  2894 | D:3      | Reached XP level 6. HP: 42/44 MP: 9/9
  3226 | D:4      | Noticed an ogre
  3242 | D:4      | Killed an ogre
  3298 | D:4      | Found a stormy altar of Qazlal.
  3301 | D:4      | Found a blossoming altar of Fedhas.
  3604 | D:4      | Reached XP level 7. HP: 50/50 MP: 10/10
  3636 | D:4      | Reached skill level 1 in Throwing
  3659 | D:4      | Found a basalt altar of Yredelemnul.
  3746 | D:5      | Entered Level 5 of the Dungeon
  3746 | D:5      | Found a staircase to the Ecumenical Temple.
  5114 | D:5      | Noticed Blork the orc
  5398 | D:6      | Noticed Duvessa
  5398 | D:6      | Noticed Dowan
  5400 | D:5      | Slain by a gnoll sergeant

Levels and vault maps discovered:
D:1:      dpeg_arrival_tiny_f, layout_loops_ring
D:2:      layout_basic, lemuel_coloured_pillars_altar, first_ration,
          uniq_natasha
D:3:      layout_loops_ring, lemuel_round_altar, roderic_roman_lattice,
          nicolae_gozag_seed_capital, uniq_jessica
D:4:      layout_rooms, grunt_temple_overflow_forces_of_nature,
          lemuel_crystal_altar, minmay_crystal_room
D:5:      layout_basic, minmay_temple_entry_glass, lightli_minifort,
          uniq_blork_the_orc
D:6:      layout_rooms, basic_altar, hangedman_abyss_or_decor_stagger,
          uniq_grinder, uniq_duvessa

Skill      XL: |  1  2  3  4  5  6  7 |
---------------+----------------------+-----
Short Blades   | 2 |  2.1
Armour         | 1 2 3 |  3.2
Long Blades    | 1 2 3 |  3.5
Evocations     | 4 |  4.0
Fighting       | 2 |  2.2
Dodging        | 3 |  3.6
Throwing       | 1 |  1.3
Stealth        | |  1.8

Action                   |  1- 3 |  4- 6 |  7- 9 || total
-------------------------+-------+-------+-------++-------
Melee: Short sword       |    98 |    17 |       ||   115
       Long sword        |       |   110 |   147 ||   257
Throw: Dart              |       |    17 |     9 ||    26
Evoke: Wand              |     2 |    11 |     2 ||    15
 Stab: Sleeping          |     1 |     1 |       ||     2
  Eat: Chunk             |       |     8 |     1 ||     9
       Ration            |       |       |     2 ||     2
Armor: Leather armour    |    22 |    26 |    27 ||    75
Dodge: Dodged            |    63 |    93 |   100 ||   256
       Rpst.: Long sword |       |    21 |    33 ||    54
